 Dungeon Crawl Stone Soup version 0.20.1-1-g8b1a95d (webtiles) character file.

4149 bananaglory the Carver (level 10, -5/91 (93) HPs)
             Began as a Ghoul Artificer on July 18, 2017.
             Was an Elder of Uskayaw.
             Slain by a hippogriff (6 damage)
             ... on level 11 of the Dungeon.
             The game lasted 00:30:29 (6804 turns).

bananaglory the Carver (Ghoul Artificer)            Turns: 6804, Time: 00:30:30

HP:   -5/91 (93)    AC:  8    Str: 18    XL:     10   Next: 27%
MP:   11/11         EV: 16    Int: 15    God:    Uskayaw [****..]
Gold: 76            SH:  9    Dex: 16    Spells: 9/9 levels left

rFire    + + .     SeeInvis .   a - +7 Screaming Sword
rCold    + + +     Gourm    .   c - +2 buckler
rNeg     + + +     Faith    .   x - +3 leather armour {rC+}
rPois    ∞         Spirit   .   (no helmet)
rElec    +         Reflect  +   (no cloak)
rCorr    +         Harm     .   q - +1 pair of gloves
MR       .....                  (no boots)
Stlth    +++.......             u - +3 amulet of reflection
Regen    0.0/turn               D - ring of protection from fire
MPRegen  0.2/turn               w - +4 ring of intelligence

@: brilliant, agile, resistant, rotting, hasted, invisible, very quick
A: rotting body, claws 1, carnivore 3, cold resistance 1, negative energy
resistance 3, inhibited regeneration, torment resistance, unbreathing
a: Stomp, Line Pass, Renounce Religion


You were on level 11 of the Dungeon.
You worshipped Uskayaw.
Uskayaw was noncommittal.
You were not hungry.

You visited 2 branches of the dungeon, and saw 10 of its levels.

You collected 596 gold pieces.
You spent 520 gold pieces at shops.

Inventory:

Hand Weapons
 a - the +7 Screaming Sword (weapon)
   (You found it on level 4 of the Dungeon)
Armour
 c - a +2 buckler (worn)
 q - a +1 pair of gloves (worn)
 x - a +3 leather armour of cold resistance (worn)
Jewellery
 u - a +3 amulet of reflection (around neck)
 w - a +4 ring of intelligence (right hand)
 D - a ring of protection from fire (left hand)
Wands
 d - a wand of enslavement (6/24)
 k - a wand of enslavement (13/24)
Scrolls
 b - 2 scrolls of random uselessness
 h - a scroll of recharging {unknown}
 p - 5 scrolls of remove curse
 y - a scroll of fog
 B - 9 scrolls of identify
Potions
 g - a potion of degeneration {unknown}
 i - a potion of agility
 l - a potion of resistance
 m - a potion of brilliance
 r - a potion of lignification {unknown}
 t - a potion of flight {unknown}
 v - a potion of might {unknown}
 A - a potion of haste
Comestibles
 f - 4 meat rations
 j - 3 royal jellies
 n - a chunk of flesh


   Skills:
 + Level 10.1 Fighting
   Level 0.8(6.5) Short Blades
 + Level 10.2(10.3) Long Blades
 - Level 1.7 Dodging
 - Level 1.1 Stealth
 + Level 0.3 Shields
 - Level 2.6 Evocations


You had 9 spell levels left.
You didn't know any spells.

Dungeon Overview and Level Annotations

Branches:
Dungeon (8/15)             Temple (1/1) D:5             Orc (0/2) D:11
   Lair: D:8-11

Altars:
Ashenzari
Cheibriados
Dithmenos
Elyvilon
Fedhas
Gozag
Hepliaklqana
Kikubaaqudgha
Makhleb
Nemelex Xobeh
Okawaru
Qazlal
Ru
Sif Muna
Trog
Uskayaw
Vehumet
Xom
Yredelemnul
Zin
The Shining One

Shops:
D:4 [   D:5 =   D:6 (

Annotations:
D:3 Overlord's ghost, amateur TrMo


Innate Abilities, Weirdness & Mutations

Your body is rotting away.
You thrive on raw meat.
You are immune to poison.
You have sharp fingernails.
You are carnivorous and can eat meat at any time.
Your flesh is cold resistant. (rC+)
You are immune to negative energy. (rN+++)
You do not regenerate when monsters are visible.
You are immune to unholy pain and torment.
You can survive without breathing.


Message History

The hippogriff closely misses you.
The hippogriff claws you but does no damage.
It was a potion of resistance.
You feel protected.
The Screaming Sword screams, "LET'S HACK!"
The monsters around you reel from the noise!
You hear a croak.
You hear a shout! x4; You hear a howl!
You hear a shout! x4
You block the hippogriff's attack. x2
The hippogriff claws you but does no damage.
Uskayaw will force your foes to share their pain.
Uskayaw links your audience in an emotional bond!
It was a potion of haste.
You feel yourself speed up. The hippogriff bites you.
* * * LOW HITPOINT WARNING * * *
The hippogriff barely misses you. The hippogriff closely misses you.
A bullfrog comes into view.
It was a potion of invisibility.
You fade into invisibility!
The bullfrog moves out of view.
The hippogriff closely misses you. The hippogriff completely misses you.
The hippogriff claws you.
You die...

.............#,,,*********,*
.8#8#8.8#8#8O#,8,*,,,,,* *,*
.#.........#.#,,,*****,* *,*
.#.#######.#.###'# *,# *,*
.................# **.#**,**
'###########'#####**#...*,,,*
..#.#.#.#.#...## *,.....,,*,****
......#........###4.....*,,,,,,**
......+....$...Z@H.#,*,*******,,*
......#........#####,*,* ****,*
..#.#.#.#.#...## *,*,* *,,,,,
+###########+## *,*,*****,***,
,***,J$,,***,* ***,,,,,,,,,,,,,
*,***W..***,** *,,,,,≈,,,,≈⌠≈,,
**,**#.##*,** *,**,,≈,,,⌠,,,,,
**,**+#*,** *,*,,,*,,,,⌠,,,,
***,*,*,*** *,*,,,,,≈,,,,,,,


You could see a hippogriff, a chaos spawn and a bullfrog skeleton.

Vanquished Creatures
  Pikel (D:5)
  The ghost of noisi the Firebug, a novice OgFE of Makhleb (D:6)
  2 hippogriffs (D:7)
  A yak (D:7)
  A vampire mosquito (D:7)
  Edmund (D:6)
  2 water moccasins
  An ice beast (D:7)
  A black bear (D:7)
  An orc warrior (D:6)
  A necrophage (D:7)
  A phantom (D:8)
  2 ogres (D:5)
  A centaur (D:7)
  4 bullfrogs
  5 scorpions (D:4)
  2 howler monkeys
  5 crimson imps
  A hound (D:11)
  A quasit (D:5)
  2 jellies (D:7)
  6 orc priests
  2 orc wizards (D:5)
  An iguana (D:7)
  5 worker ants
  A hound skeleton (D:6)
  A worker ant zombie (D:8)
  6 gnolls
  A howler monkey skeleton (D:4)
  9 adders
  2 shadow imps
  An ooze (D:3)
  An adder skeleton (D:3)
  An adder zombie (D:7)
  4 worms
  2 dart slugs (D:1)
  5 leopard geckos
  17 orcs
  3 giant cockroaches
  6 goblins
  9 hobgoblins
  6 jackals
  5 quokkas
  4 ball pythons
  13 bats
  8 frilled lizards
  A jackal zombie (D:8)
  5 kobolds
  6 rats
168 creatures vanquished.

Vanquished Creatures (collateral kills)
  A crocodile (D:11)
  A killer bee (D:11)
  An orc wizard (D:4)
  An orc (D:4)
4 creatures vanquished.

Vanquished Creatures (others)
  An adder (D:3)
  A fungus (D:4)
2 creatures vanquished.

Grand Total: 174 creatures vanquished

Notes
Turn   | Place    | Note
-------+----------+-------------------------------------------
     0 | D:1      | bananaglory the Ghoul Artificer began the quest for the Orb.
     0 | D:1      | Reached XP level 1. HP: 16/16 MP: 1/1
   133 | D:1      | Reached XP level 2. HP: 21/23 MP: 3/3
   532 | D:2      | Reached XP level 3. HP: 27/31 MP: 4/4
   548 | D:2      | Found a sparkling altar of Nemelex Xobeh.
  1022 | D:2      | Reached XP level 4. HP: 32/40 MP: 5/5
  1144 | D:2      | Found a snail-covered altar of Cheibriados.
  1496 | D:3      | Reached skill level 5 in Fighting
  1543 | D:3      | Reached XP level 5. HP: 43/48 MP: 6/6
  1576 | D:3      | Noticed Overlord's ghost (amateur TrMo)
  2210 | D:3      | Found a faded altar of an unknown god.
  2392 | D:4      | Found Imuywk's Antique Armour Emporium.
  2545 | D:4      | Reached XP level 6. HP: 57/58 MP: 7/7
  2719 | D:4      | Reached XP level 7. HP: 62/67 MP: 8/8
  2809 | D:4      | Found a snail-covered altar of Cheibriados.
  2809 | D:4      | Found a bloodstained altar of Trog.
  2809 | D:4      | Found a basalt altar of Yredelemnul.
  2809 | D:4      | Found a blossoming altar of Fedhas.
  2814 | D:4      | Found an ancient bone altar of Kikubaaqudgha.
  3250 | D:4      | Bought a heavily runed buckler for 275 gold pieces
  3260 | D:4      | Identified the cursed -2 buckler of Nudemn {Dex+3} (You bought it in a shop on level 4 of the Dungeon)
  3319 | D:5      | Entered Level 5 of the Dungeon
  3334 | D:5      | Reached skill level 1 in Long Blades
  3341 | D:5      | Found a staircase to the Ecumenical Temple.
  3363 | Temple   | Entered the Ecumenical Temple
  3501 | Temple   | Became a worshipper of Uskayaw the Reveler
  3524 | D:5      | Reached * piety under Uskayaw
  3535 | D:5      | Reached ** piety under Uskayaw
  3553 | D:5      | Reached *** piety under Uskayaw
  3554 | D:5      | Reached **** piety under Uskayaw
  3663 | D:5      | Noticed Pikel
  3673 | D:5      | Killed Pikel
  3673 | D:5      | Reached skill level 5 in Long Blades
  3673 | D:5      | Reached XP level 8. HP: 68/74 MP: 9/9
  3947 | D:5      | Found Conoseh's Jewellery Boutique.
  3957 | D:5      | Bought a cursed -2 ring of protection for 28 gold pieces
  4134 | D:6      | Noticed Edmund
  4143 | D:6      | Killed Edmund
  4209 | D:6      | Noticed noisi's ghost (novice OgFE)
  4220 | D:6      | Killed noisi's ghost
  4220 | D:6      | Reached XP level 9. HP: 24/82 MP: 10/10
  4433 | D:6      | Found a deep blue altar of Sif Muna.
  4657 | D:6      | Found a stormy altar of Qazlal.
  5386 | D:6      | Found Lida's Antique Weapon Shoppe.
  6285 | D:7      | Reached skill level 10 in Fighting
  6285 | D:7      | Reached XP level 10. HP: 86/92 MP: 11/11
  6290 | D:7      | Reached ***** piety under Uskayaw
  6387 | D:7      | Reached skill level 10 in Long Blades
  6433 | D:4      | Bought a shiny buckler for 217 gold pieces
  6697 | D:8      | You fall through a shaft for 3 floors!
  6766 | D:11     | Noticed a two-headed ogre
  6803 | D:11     | HP: 1/91 [hippogriff (4)]
  6804 | D:11     | Slain by a hippogriff

Skill      XL: |  1  2  3  4  5  6  7  8  9 10 |
---------------+-------------------------------+-----
Fighting       | 2 3 4 5 6 7 8 9 10 | 10.1
Long Blades    | 5 7 9 10 | 10.2
Short Blades   | |  0.8
Dodging        | |  1.7
Stealth        | |  1.1
Shields        | |  0.3
Evocations     | |  2.6

Action                   |  1- 3 |  4- 6 |  7- 9 | 10-12 || total
-------------------------+-------+-------+-------+-------++-------
Melee: Short sword       |   157 |   160 |       |       ||   317
       Flail             |       |   102 |       |       ||   102
       Double sword      |       |     4 |   172 |    40 ||   216
Evoke: Wand              |     6 |    26 |     5 |     2 ||    39
  Use: Scroll            |       |     4 |     5 |     6 ||    15
       Potion            |       |       |     1 |     7 ||     8
 Stab: Held in net/web   |       |     1 |       |       ||     1
       Paralysed         |       |       |     4 |     1 ||     5
       Sleeping          |       |       |     1 |       ||     1
  Eat: Chunk             |    21 |    36 |    29 |     6 ||    92
Armor: Leather armour    |    49 |    43 |    34 |    13 ||   139
       Chain mail        |       |   159 |    73 |       ||   232
Dodge: Dodged            |    99 |   146 |    87 |    34 ||   366
Block: Other             |       |       |     7 |       ||     7
       Buckler           |       |       |       |    14 ||    14
       Rpst.: Double sword |       |     1 |    25 |     6 ||    32
